 Dungeon Crawl Stone Soup version 0.18.1-6-gd335043 (console) character file.

128 2d6 the Skirmisher (level 4, 0/38 HPs)
             Began as a Draconian Skald on May 19, 2016.
             Succumbed to a scorpion's poison
             ... on level 4 of the Dungeon.
             The game lasted 00:10:36 (2310 turns).

2d6 the Skirmisher (Draconian Skald)                Turns: 2310, Time: 00:10:37

Health: 0/38       AC:  7    Str: 16    XL:     4   Next: 87%
Magic:  7/8        EV: 18    Int: 12    God:
Gold:   108        SH:  0    Dex: 15    Spells: 2 memorised, 5 levels left

rFire  . . .     SeeInvis .     a - +0 mace
rCold  . . .     Gourm    .     (armour unavailable)
rNeg   . . .     Faith    .     (no shield)
rPois  +         Spirit   .     (helmet restricted)
rElec  .         Dismiss  .     (no cloak)
rCorr  .         Reflect  .     m - +1 pair of gloves
SustAt .         Harm     .     (no boots)
MR     .....                    k - amulet of magic regeneration
Stlth  ++........               o - ring of poison resistance
                                f - ring of flight

@: agile, lethally poisoned (0 -> -5), flying, not resistant to hostile
enchantments, unstealthy
A: unfitting armour, cold-blooded, AC +5
a: Stop Flying


You were on level 4 of the Dungeon.
You were hungry.

You visited 1 branch of the dungeon, and saw 5 of its levels.

You collected 108 gold pieces.

Inventory:

Hand Weapons
 a - a +0 mace (weapon)
 p - a +0 dagger
 t - a +1 hunting sling of velocity
Missiles
 j - 31 stones (quivered)
Armour
 m - a +1 pair of gloves (worn)
Jewellery
 f - a ring of flight (left hand)
 k - an amulet of magic regeneration (around neck)
 o - a ring of poison resistance (right hand)
Scrolls
 d - 3 scrolls of identify
 e - a scroll of remove curse
 l - a scroll of immolation {unknown}
 q - a scroll of random uselessness {unknown}
Potions
 h - a potion of flight
Books
 b - a book of Battle

   Spells                             Type                      Level
   a - Infusion                       Charms                       1
   b - Shroud of Golubria             Charms/Translocation         2
   c - Song of Slaying                Charms                       2
   d - Spectral Weapon                Hexes/Charms                 3
   e - Regeneration                   Charms/Necromancy            3
Comestibles
 c - 2 bread rations
 i - a meat ration
 s - a beef jerky


   Skills:
 + Level 3.1 Fighting
 + Level 2.8 Maces & Flails
 + Level 2.4 Dodging
 + Level 2.6 Spellcasting
 + Level 3.1 Charms
 + Level 0.8 Translocations


You had 5 spell levels left.
You knew the following spells:

 Your Spells              Type           Power        Failure   Level  Hunger
a - Infusion              Chrm           #...         10%         1    #......
b - Shroud of Golubria    Chrm/Tloc      #.........   17%         2    ###....


Dungeon Overview and Level Annotations

Branches:
Dungeon (5/15)
 Temple: D:4-7

Altars:


Innate Abilities, Weirdness & Mutations

Your plain brown scales are hard (AC +5).
Your body does not fit into most forms of armour.
You are cold-blooded and may be slowed by cold attacks.


Message History

You feel sick.
* * * LOW HITPOINT WARNING * * *
You feel sick.
* * * LOW HITPOINT WARNING * * *
You feel sick.
Read which item? (? for menu, Esc to quit)
As you read the scroll labeled FOTHROH NIM, it crumbles to dust.
It is a scroll of enchant armour.
Enchant which item? (? for menu, Esc to quit)
Your +0 pair of gloves glows green for a moment.
You are no longer magically infusing your attacks.
* * * LOW HITPOINT WARNING * * *
You feel sick. The scorpion misses you.
* * * LOW HITPOINT WARNING * * *
You feel sick.
You aren't carrying any items that you can evoke.
You feel very buoyant.
You fly up into the air.
You are feeling hungry.
You die...

#.#####.#.#
#.#># #.#.#
..#.# #.##.#
####.##.##
.........#
####.##s.# #
#@.#
............#
####.##..####
# #..# #..#
#..# #..#
#..#


You could see a scorpion.

Vanquished Creatures
  An orc wizard (D:3)
  4 adders
  A worm (D:2)
  4 dart slugs
  2 giant geckos
  A ball python (D:1)
  9 bats
  3 giant cockroaches
  5 goblins
  9 hobgoblins
  2 jackals (D:2)
  2 kobolds (D:2)
  7 rats
50 creatures vanquished.

Notes
Turn   | Place    | Note
--------------------------------------------------------------
     0 | D:1      | 2d6 the Draconian Skald began the quest for the Orb.
     0 | D:1      | Reached XP level 1. HP: 17/17 MP: 3/3
   288 | D:1      | Reached XP level 2. HP: 20/25 MP: 1/5
   660 | D:1      | Reached XP level 3. HP: 10/30 MP: 0/6
  1109 | D:2      | Learned a level 2 spell: Shroud of Golubria
  1568 | D:2      | Reached XP level 4. HP: 37/37 MP: 7/7
  2033 | D:5      | Entered Level 5 of the Dungeon
  2308 | D:4      | HP: 1/38 [poisoned by a scorpion]
  2310 | D:4      | Succumbed to a scorpion's poison

Skill      XL: |  1  2  3  4 |
---------------+-------------+-----
Dodging        | 2 |  2.4
Fighting       | 3 |  3.1
Charms         | 3 |  3.1
Maces & Flails | |  2.8
Spellcasting   | |  2.6
Translocations | |  0.8

Action                   |  1- 3 |  4- 6 || total
-------------------------+-------+-------++-------
Melee: Mace              |   133 |    58 ||   191
       Tailslap          |     8 |     8 ||    16
Throw: Stone             |     5 |       ||     5
 Cast: Infusion          |    10 |     3 ||    13
       Shroud of Golubri |       |     4 ||     4
 Abil: Evoke Flight      |       |     1 ||     1
  Use: Scroll            |       |     3 ||     3
       Potion            |       |     1 ||     1
 Stab: Sleeping          |       |     1 ||     1
  Eat: Chunk             |     2 |     3 ||     5
Armor: Skin              |    64 |    28 ||    92
Dodge: Dodged            |   124 |    57 ||   181

Vault maps used:
D:1:      lordsloth_arrival_two_stooges, st_stairs_10
D:2:      first_bread
D:3:      uniq_natasha
D:4:      minmay_misc_feat_pillars
D:5:      gammafunk_temple_overflow_forgotten, serial_shops, shop
